General information
- name: BNet
- type: Ladder 1vs1/FFA
- host: Battle.net
- saver: spork
map: CentaurGrove
- players: 2
- length: 93:17
- speed: Fast
- version: 1.26 W3XP
- replay type: Public
» download(239 KB)
Players
team 1 (loser)
razor13 (
green | 35 APM | 3282 actions | 93:15)
5 Mountain King
3 Storm Bolt
1 Bash
1 Thunder Clap
5 Paladin
1 Holy Light
3 Divine Shield
1 Devotion Aura
2 Blood Mage
1 Flame Strike
1 Siphon Mana
» actions
| Build / train | 227 | |
| Enter build submenu | 87 | |
| Enter hero's abilities submenu | 12 | |
| Give item / drop item | 1 | |
| Remove unit from queue | 7 | |
| Right click | 1436 | |
| Select / deselect | 1215 | |
| Use ability | 297 | |
3282 total
» units
| Peasant | 56 | |
| Rifleman | 7 | |
| Goblin Shredder | 6 | |
| Gryphon Rider | 30 | |
| Sorceress | 4 | |
| Siege Engine | 10 | |
| Mortar Team | 4 | |
| Flying Machine | 4 | |
| Priest | 2 | |
| Goblin Zeppelin | 1 | |
124 total
» upgrades
| Gunpowder | 2 | |
| Masonry | 3 | |
| Magic Sentry | 1 | |
| Swords | 3 | |
| Plating | 3 | |
| Animal War Training | 1 | |
| Storm Hammers | 1 | |
| Barrage | 1 | |
| Armor | 3 | |
| Long Rifles | 1 | |
| Fragmentation Shards | 1 | |
20 total
» buildings
| Blacksmith | 2 | |
| Farm | 19 | |
| Barracks | 3 | |
| Altar of Kings | 2 | |
| Lumber Mill | 3 | |
| Scout Tower | 102 | |
| Guard Tower | 35 | |
| Arcane Tower | 12 | |
| Keep | 2 | |
| Castle | 3 | |
| Gryphon Aviary | 4 | |
| Arcane Sanctum | 2 | |
| Town Hall | 6 | |
| Workshop | 2 | |
| Cannon Tower | 9 | |
206 total
» build order
00:25 Blacksmith
01:00 Farm
01:16 Barracks
01:47 Barracks
02:09 Altar of Kings
02:17 Farm
02:32 Lumber Mill
03:19 Farm
03:24 Farm
04:22 Farm
05:00 Farm
05:01 Farm
05:33 Scout Tower
05:34 Scout Tower
05:56 Guard Tower
06:00 Scout Tower
06:02 Guard Tower
06:28 Arcane Tower
06:35 Scout Tower
06:35 Scout Tower
06:36 Scout Tower
06:42 Keep
07:00 Guard Tower
07:22 Arcane Tower
07:32 Scout Tower
08:03 Guard Tower
09:56 Scout Tower
10:27 Guard Tower
10:31 Scout Tower
10:32 Scout Tower
10:53 Arcane Tower
10:56 Scout Tower
11:12 Castle
12:15 Gryphon Aviary
13:06 Scout Tower
13:08 Castle
13:25 Arcane Sanctum
13:29 Guard Tower
13:31 Scout Tower
13:32 Scout Tower
16:26 Scout Tower
16:27 Scout Tower
19:25 Scout Tower
20:23 Scout Tower
20:35 Town Hall
21:03 Guard Tower
21:06 Scout Tower
21:25 Arcane Tower
22:43 Arcane Tower
24:21 Scout Tower
24:23 Scout Tower
24:24 Scout Tower
24:28 Scout Tower
24:29 Scout Tower
24:30 Scout Tower
25:24 Guard Tower
25:26 Guard Tower
25:37 Workshop
26:24 Cannon Tower
26:25 Cannon Tower
26:44 Guard Tower
26:45 Cannon Tower
26:50 Scout Tower
26:50 Scout Tower
26:51 Scout Tower
27:14 Gryphon Aviary
29:33 Cannon Tower
29:34 Guard Tower
32:26 Scout Tower
32:54 Guard Tower
32:56 Scout Tower
32:59 Scout Tower
33:27 Guard Tower
33:46 Town Hall
33:51 Scout Tower
34:26 Guard Tower
34:53 Keep
35:10 Scout Tower
35:15 Farm
35:47 Guard Tower
35:56 Farm
36:47 Scout Tower
36:48 Scout Tower
36:51 Scout Tower
36:53 Scout Tower
36:54 Scout Tower
37:15 Castle
38:33 Altar of Kings
38:37 Arcane Sanctum
38:40 Cannon Tower
38:41 Arcane Tower
38:43 Arcane Tower
38:48 Lumber Mill
40:13 Scout Tower
40:14 Scout Tower
40:15 Scout Tower
41:17 Lumber Mill
41:26 Cannon Tower
41:28 Arcane Tower
41:29 Arcane Tower
41:35 Scout Tower
41:35 Scout Tower
41:37 Scout Tower
41:38 Scout Tower
41:38 Scout Tower
41:54 Barracks
42:01 Blacksmith
42:41 Guard Tower
42:44 Scout Tower
42:45 Scout Tower
42:47 Scout Tower
42:48 Scout Tower
43:09 Farm
43:14 Farm
43:17 Farm
43:18 Farm
43:19 Farm
43:21 Farm
43:23 Farm
43:27 Guard Tower
43:55 Farm
43:57 Farm
44:12 Guard Tower
44:16 Scout Tower
44:18 Scout Tower
46:25 Farm
48:30 Guard Tower
48:43 Workshop
50:57 Town Hall
51:55 Scout Tower
51:55 Scout Tower
51:56 Scout Tower
51:58 Scout Tower
51:59 Scout Tower
52:00 Scout Tower
52:01 Scout Tower
52:02 Scout Tower
52:03 Scout Tower
52:03 Scout Tower
52:16 Scout Tower
52:17 Scout Tower
52:54 Guard Tower
53:06 Guard Tower
53:14 Scout Tower
53:15 Arcane Tower
54:42 Guard Tower
54:51 Scout Tower
55:15 Scout Tower
56:00 Guard Tower
56:04 Scout Tower
56:05 Scout Tower
56:33 Cannon Tower
56:58 Guard Tower
57:03 Scout Tower
57:04 Scout Tower
57:32 Guard Tower
58:08 Guard Tower
58:41 Scout Tower
58:43 Scout Tower
59:49 Cannon Tower
59:57 Scout Tower
61:24 Scout Tower
62:08 Guard Tower
62:12 Scout Tower
62:14 Scout Tower
62:16 Scout Tower
62:18 Scout Tower
62:19 Scout Tower
62:49 Guard Tower
63:02 Arcane Tower
63:05 Guard Tower
63:06 Guard Tower
63:21 Guard Tower
63:28 Guard Tower
63:56 Scout Tower
63:57 Scout Tower
63:59 Scout Tower
64:07 Arcane Tower
64:48 Town Hall
66:29 Guard Tower
68:57 Town Hall
69:47 Scout Tower
69:47 Scout Tower
69:51 Scout Tower
70:32 Guard Tower
70:44 Cannon Tower
70:47 Scout Tower
70:48 Scout Tower
70:49 Scout Tower
71:20 Guard Tower
75:18 Scout Tower
75:18 Scout Tower
75:19 Scout Tower
75:20 Scout Tower
75:21 Scout Tower
75:23 Scout Tower
77:49 Town Hall
81:26 Gryphon Aviary
81:27 Gryphon Aviary
91:55 Scout Tower
91:56 Scout Tower
91:58 Scout Tower
92:01 Scout Tower
92:02 Scout Tower
92:03 Scout Tower
92:04 Scout Tower
team 2 (winner)
spork (
teal | 49 APM | 4556 actions | 93:17)
10 Blademaster
3 Wind Walk
3 Critical Strike
1 Bladestorm
3 Mirror Image
8 Goblin Tinker
3 Pocket Factory
3 Engineering Upgrade
1 Robo-Goblin
1 Cluster Rockets
» actions
| Assign group hotkey | 74 | |
| Basic commands | 466 | |
| Build / train | 132 | |
| ESC pressed | 7 | |
| Enter build submenu | 141 | |
| Enter hero's abilities submenu | 17 | |
| Give item / drop item | 19 | |
| Right click | 1700 | |
| Select / deselect | 1137 | |
| Select group hotkey | 420 | |
| Use ability | 443 | |
4556 total
» units
| Peon | 23 | |
| Wind Rider | 5 | |
| Goblin Zeppelin | 4 | |
| Goblin Shredder | 3 | |
| Troll Batrider | 20 | |
| Demolisher | 1 | |
56 total
» upgrades
| Reinforced Defenses | 1 | |
| Envenomed Spears | 1 | |
| Melee Weapons | 2 | |
| Ranged Weapons | 3 | |
| Liquid Fire | 1 | |
| Armor | 3 | |
| Ensnare | 1 | |
| Burning Oil | 1 | |
| Spiked Barricades | 3 | |
| Troll Regeneration | 1 | |
17 total
» buildings
| Altar of Storms | 2 | |
| Orc Burrow | 11 | |
| Voodoo Lounge | 2 | |
| War Mill | 5 | |
| Stronghold | 4 | |
| Watch Tower | 117 | |
| Fortress | 2 | |
| Beastiary | 5 | |
| Barracks | 1 | |
| Great Hall | 3 | |
152 total
» build order
00:07 Altar of Storms
00:19 Orc Burrow
01:04 Voodoo Lounge
01:12 War Mill
02:01 Orc Burrow
02:39 Stronghold
02:40 Stronghold
03:30 Watch Tower
03:31 Watch Tower
03:33 Watch Tower
03:56 Orc Burrow
05:28 Fortress
05:29 Beastiary
05:34 Beastiary
06:26 Beastiary
07:45 Orc Burrow
09:24 Watch Tower
09:26 Watch Tower
10:31 Watch Tower
10:31 Watch Tower
11:04 Watch Tower
11:06 Watch Tower
11:10 Watch Tower
11:12 Watch Tower
12:03 Watch Tower
12:25 Watch Tower
12:26 Watch Tower
12:28 Watch Tower
12:28 Watch Tower
12:55 Orc Burrow
13:08 Orc Burrow
13:14 Watch Tower
17:45 Watch Tower
17:55 Watch Tower
19:31 Watch Tower
20:22 Watch Tower
20:23 Watch Tower
20:24 Watch Tower
20:25 Watch Tower
20:27 Watch Tower
20:28 Watch Tower
20:29 Watch Tower
20:32 Watch Tower
20:33 Watch Tower
20:35 Watch Tower
22:31 Watch Tower
22:32 Watch Tower
22:33 Watch Tower
25:43 Barracks
25:44 Watch Tower
26:55 Watch Tower
26:57 Watch Tower
31:16 Stronghold
32:28 War Mill
32:33 War Mill
34:21 Beastiary
34:26 Beastiary
34:35 Watch Tower
34:35 Watch Tower
34:39 Watch Tower
35:54 Watch Tower
35:54 Watch Tower
35:56 Watch Tower
35:56 Watch Tower
35:57 Watch Tower
35:58 Watch Tower
36:00 Watch Tower
36:00 Watch Tower
36:01 Watch Tower
36:02 Watch Tower
36:03 Watch Tower
36:48 Watch Tower
36:49 Watch Tower
36:50 Watch Tower
36:52 Watch Tower
36:55 Great Hall
36:59 Watch Tower
37:00 Watch Tower
37:01 Watch Tower
37:02 Watch Tower
37:03 Watch Tower
37:04 Watch Tower
37:05 Watch Tower
38:34 Watch Tower
38:37 Watch Tower
38:38 Watch Tower
39:11 Orc Burrow
41:22 Watch Tower
41:48 Watch Tower
45:24 Watch Tower
45:25 Watch Tower
45:25 Watch Tower
45:26 Watch Tower
45:28 Watch Tower
45:30 Watch Tower
45:31 Watch Tower
45:32 Watch Tower
45:34 Watch Tower
45:35 Watch Tower
45:36 Watch Tower
48:08 Great Hall
48:09 Watch Tower
48:09 Watch Tower
48:11 Watch Tower
48:13 Watch Tower
48:15 Watch Tower
48:16 Watch Tower
48:17 Watch Tower
48:19 Watch Tower
48:20 Watch Tower
48:20 Watch Tower
49:08 War Mill
49:48 Watch Tower
50:24 Watch Tower
50:48 Watch Tower
50:51 Watch Tower
51:54 Watch Tower
53:10 Watch Tower
53:11 Watch Tower
55:25 Great Hall
58:11 Watch Tower
58:13 Watch Tower
59:38 Stronghold
60:26 Watch Tower
60:29 Watch Tower
60:30 Watch Tower
60:38 Watch Tower
61:42 Watch Tower
61:43 Watch Tower
61:45 Watch Tower
62:29 Fortress
65:04 Orc Burrow
66:46 Watch Tower
67:55 Watch Tower
68:01 Watch Tower
68:02 Watch Tower
69:44 Orc Burrow
70:32 Orc Burrow
72:05 Altar of Storms
72:17 Watch Tower
74:59 Watch Tower
77:05 Watch Tower
78:20 Voodoo Lounge
82:02 War Mill
82:44 Watch Tower
84:14 Watch Tower
84:16 Watch Tower
84:21 Watch Tower
84:23 Watch Tower
84:23 Watch Tower
84:24 Watch Tower
92:10 Orc Burrow
» items
| Lesser Clarity Potion | 9 | |
| Healing Salve | 4 | |
| Boots of Speed | 2 | |
| Staff of Teleportation | 2 | |
| Tiny Great Hall | 3 | |
| Orb of Lightning | 2 | |
| Scroll of Speed | 1 | |
| Potion of Healing | 2 | |
| Potion of Lesser Invulnerability | 4 | |
| Potion of Mana | 1 | |
| Scroll of Town Portal | 1 | |
31 total
Chat log
(06:09 / All) razor13: your so awesome
(12:35 / All) razor13: biggest bitch every
(12:38 / All) razor13: ever
(20:54 / All) razor13: u no how bad u suck
(47:15 / All) spork: lol
(47:32 / All) spork: ragequit time/
(47:34 / All) razor13: i no u suck
(47:41 / All) spork: thats why youre losing horribly?
(47:50 / All) spork: man youre pro
(48:40 / All) spork: you should play professionally with that gosu micro and pro shittalk
(49:06 / All) razor13: u suck
(49:12 / All) spork: clearly :)
(49:19 / All) razor13: u coulda beeten me along time ago
(49:24 / All) razor13: your just a bitch
(49:33 / All) spork: so i could have easily beaten you because I suck?
(49:54 / All) spork: explain that to me
(50:11 / All) spork: im waiting
(50:53 / All) spork: still waiting
(52:27 / All) spork: whats your next pro strat?
(53:24 / All) spork: obviously your mom never taught you about upkeep
(53:30 / All) spork: she taught me plenty though ;)
(54:34 / All) spork: do you even autocast slow?
(54:52 / All) spork: lol worst tower push ever
(55:16 / All) spork: can you afford it?
(55:51 / All) spork: yawn
(55:55 / All) spork: you try too hard
(56:38 / All) spork: see that tinker? hes more laid back
(56:44 / All) spork: just gonna chill
(56:51 / All) spork: yet hes raping your base
(57:03 / All) spork: youre trying so hard and you havent killed a tower yet
(57:29 / All) spork: fail.
(57:47 / All) spork: look at that. one hero = 1 dead base
(57:57 / All) spork: oh and youre so late to respond
(58:07 / All) spork: no exp from clockwork goblins, sry :'(
(58:25 / All) spork: come on think, what human unit counters towers?
(59:03 / All) spork: ill give you a hint
(59:05 / All) spork: it starts with a d
(59:09 / All) spork: ends with a ragonhawk
(59:48 / All) spork: come on you can do it
(60:08 / All) spork: or you can just ragequit and ill laugh at you :)
(61:01 / All) spork: you need to relax a litte bit
(61:06 / All) spork: your apm may be spiking 60
(61:54 / All) spork: worth it?
(64:42 / All) spork: i wont kill him since he never got a chance to flamestrike
(64:46 / All) spork: its not his fault
(64:48 / All) spork: its his player
(65:16 / All) spork: hey can you feed my bm some
(65:19 / All) spork: thanks
(65:45 / All) spork: that gold mine was like 2/3 empty btw
(66:18 / All) spork: you forgot something.
(66:30 / All) spork: psst
(66:35 / All) spork: your goal was to destroy the base
(67:25 / All) spork: you forgot to destroy the base again
(67:55 / All) spork: well gg
(67:57 / All) spork: i guess i lose
(68:18 / All) spork: you spend 10k to deprive me of 5k gold
(68:26 / All) razor13: dude fuck off u got so much money
(68:28 / All) spork: a winnar is u
(68:46 / All) spork: why dont you just ragequit
(70:17 / All) spork: you know what would be a brilliant strategy?
(70:27 / All) spork: go on ask me
(70:41 / All) spork: youre not asking..
(71:11 / All) spork: arent you going to ask
(75:43 / All) spork: pls dont kill meh
(75:51 / All) spork: noooo
(77:25 / All) spork: thx for feed
(77:56 / All) razor13: where did your bases go
(78:10 / All) spork: check the bottom left again
(79:24 / All) spork: didnt say its actually there
(79:25 / All) spork: i said to check
(79:39 / All) razor13: i found one of them
(80:12 / All) spork: yoink
(80:44 / All) spork: ITS RAINING HEROES
(82:27 / All) spork: so whats your leet strat now
(82:48 / All) razor13: i lost along time a go
(82:53 / All) spork: why are you still here then
(82:55 / All) spork: mad?
(82:59 / All) razor13: your just toying with me
(83:03 / All) spork: *you're
(83:21 / All) spork: are you mad/
(83:24 / All) spork: angry?
(83:25 / All) razor13: no this game just sucks and so do your stragie
(83:25 / All) spork: raging?
(83:33 / All) spork: is that why you lost?
(83:37 / All) razor13: i m not a quiter
(83:43 / All) spork: youre just mad
(83:50 / All) spork: :)
(85:27 / All) spork: cant stop him now
(85:36 / All) spork: here u go
(85:52 / All) spork: dont u like my gift
(86:03 / All) razor13: i took it
(86:07 / All) spork: :D
(86:38 / All) spork: no you cant siege a tinker
(87:33 / All) spork: so many griffins
(87:37 / All) spork: not one intelligent unit choice
(88:32 / All) spork: no u may not save peasants
(90:44 / All) spork: remember when you were like "u suk" and i was like "lol ok"
(90:46 / All) spork: those were fun times
(91:30 / All) spork: zomg teh carnage
(91:40 / All) spork: will we see a level 10 tinker?
(91:57 / All) spork: find out next time
(91:59 / All) spork: same warcraft place
(92:02 / All) spork: same warcraft channel
(92:57 / All) spork: no.
(93:14 / All) spork: you might have to use another unit besides gryphons